Map: Overgrown Facility

Players

Adversity - Winner!

  • Race: Terran Terran
  • Spawn Location: 7:00

Antho - Winner!

  • Race: Terran Terran
  • Spawn Location: 9:00

MoonFace

  • Race: Terran Terran
  • Spawn Location: 3:00

SimplyOwnage

  • Race: Terran Terran
  • Spawn Location: 1:00

VOD

Have the link to the VOD?

Description

Time

  • Played on: June 28, 2018, 5:48 p.m.
  • Length: 6:22
Show
View Real Time Build Order
Export as new Build Order

Adversity Terran - Winner!

Build Orders:  

Get SALT Encoding   

  12  0:00  SCV  
  13  0:13  SCV  
  14  0:18  Supply Depot  
  14  0:25  SCV  
  15  0:30  Refinery  
  15  0:39  SCV  
  16  0:45  Barracks  
  16  0:51  SCV  
  17  1:03  SCV  
  18  1:08  Barracks  
  18  1:16  SCV  
  19  1:24  Barracks  
  19  1:33  Reaper  
  20  1:42  Orbital Command  
  20  1:51  Supply Depot  
  20  1:55  Reaper  
  20  1:59  Refinery  
  21  2:08  SCV  
  22  2:09  Reaper  
  22  2:13  Reaper  
  24  2:21  Supply Depot  
  24  2:22  SCV  
  25  2:27  Reaper  
  26  2:34  SCV  
  27  2:46  Reaper  
  28  2:53  Reaper  
  28  2:55  SCV  
  30  3:01  Reaper  
  31  3:06  Command Center  
  30  3:18  Reaper  
  30  3:21  SCV  
  31  3:34  Reaper  
  31  3:40  Reaper  
  33  3:42  Barracks, SCV  
  33  3:43  Barracks  
  34  3:50  Reaper  
  35  3:59  SCV  
  35  4:01  Supply Depot  
  36  4:06  Reaper  
  36  4:18  Reaper  
  36  4:19  SCV  
  38  4:29  Reaper  
  39  4:31  Reaper x2  
  39  4:34  SCV  
  42  4:39  Reaper  
  42  4:45  Orbital Command  
  42  4:48  Refinery  
  42  4:49  Refinery  
  42  4:50  SCV  
  42  4:51  Reaper  
  43  5:00  Barracks  
  43  5:01  Barracks, Reaper  
  43  5:03  Reaper, SCV  
  45  5:10  Reaper  
  45  5:12  SCV  
  47  5:15  SCV  
  47  5:16  Reaper  
  49  5:23  Reaper  
  47  5:31  SCV x2  
  47  5:33  Reaper  
  50  5:37  Reaper  
  51  5:43  Command Center  
  51  5:48  Reaper x2  
  53  6:06  SCV  
  53  6:08  SCV  
  57  6:11  Supply Depot  
  57  6:12  Supply Depot  
Show
View Real Time Build Order
Export as new Build Order

Antho Terran - Winner!

Build Orders: Gas First Reaper Expand 

Get SALT Encoding   

  12  0:04  SCV  
  13  0:16  SCV  
  14  0:23  Supply Depot  
  14  0:28  SCV  
  15  0:31  Refinery  
  15  0:44  SCV  
  15  0:47  Barracks  
  16  0:56  SCV  
  17  1:09  SCV  
  18  1:21  SCV  
  19  1:36  Reaper, Orbital Command  
  20  1:51  Command Center  
  20  2:02  Factory  
  20  2:04  SCV  
  21  2:15  Barracks Reactor  
  21  2:17  SCV  
  21  2:22  Refinery  
  22  2:24  Supply Depot  
  22  2:29  SCV  
  23  2:46  Hellion, SCV  
  23  2:48  Starport  
  23  2:51  Marine  
  27  2:53  Marine  
  28  2:59  SCV  
  28  3:04  Orbital Command  
  29  3:10  Marine  
  29  3:11  Marine  
  31  3:19  Cyclone  
  34  3:29  Marine x2  
  36  3:36  Viking  
  38  3:48  SCV x2  
  40  3:51  Marine  
  40  3:52  Marine  
  40  3:53  Factory Tech Lab  
  42  4:01  SCV x2  
  44  4:05  Supply Depot, Engineering Bay  
  44  4:09  Starport Tech Lab  
  44  4:13  SCV  
  45  4:17  SCV  
  45  4:18  Starport Tech Lab  
  46  4:26  SCV, Siege Tank  
  46  4:29  Marine x2  
  46  4:30  SCV  
  53  4:37  Supply Depot  
  53  4:38  SCV  
  54  4:47  Supply Depot  
  54  4:52  Supply Depot  
  54  4:58  Raven, Marine x2, SCV x2  
  60  5:09  Siege Tank  
  60  5:10  SCV x2  
  60  5:11  Barracks  
  60  5:12  Barracks  
  65  5:22  SCV  
  65  5:23  Marine x2  
  65  5:28  SCV  
  69  5:32  Refinery  
  69  5:34  SCV  
  70  5:40  SCV  
  70  5:41  Supply Depot  
  70  5:42  Supply Depot  
  71  5:47  SCV  
  71  5:48  Marine x2  
  74  5:51  Factory Tech Lab  
  74  5:52  SCV  
  74  5:56  Starport Reactor  
  75  5:59  SCV  
  76  6:07  Barracks  
  76  6:11  Refinery, Barracks, Supply Depot  
  78  6:12  Supply Depot  
Show
View Real Time Build Order
Export as new Build Order

MoonFace Terran 

Build Orders: Cyclone Opening 

Get SALT Encoding   

  12  0:01  SCV  
  13  0:13  SCV  
  14  0:19  Supply Depot  
  14  0:25  SCV  
  15  0:31  Refinery  
  15  0:43  Barracks  
  15  0:47  SCV  
  16  0:59  SCV  
  16  1:02  Refinery  
  18  1:11  SCV  
  18  1:23  SCV  
  19  1:32  Factory  
  19  1:35  Orbital Command  
  19  1:40  Barracks Reactor  
  19  1:50  Supply Depot  
  19  2:01  SCV  
  20  2:13  SCV  
  21  2:23  Cyclone x2  
  21  2:26  SCV  
  28  2:40  SCV  
  29  2:50  Supply Depot  
  29  3:02  Supply Depot  
  29  3:11  Cyclone x2  
  35  3:25  SCV  
  36  3:37  SCV  
  36  3:49  SCV  
  36  4:01  SCV  
  37  4:04  Command Center  
  37  4:19  SCV  
  38  4:31  SCV  
  39  4:43  SCV  
  37  4:49  Barracks Tech Lab  
  37  4:54  Barracks  
  37  4:55  Barracks, SCV  
  37  4:56  Starport  
  37  4:57  Barracks  
  37  4:58  Factory Tech Lab  
  38  5:07  SCV  
  39  5:18  Siege Tank  
  39  5:19  SCV  
  35  5:30  Marine  
  35  5:31  SCV  
  34  5:36  Orbital Command  
  34  5:38  Bunker  
  33  5:43  SCV  
  33  5:46  Marine x2  
  23  6:07  Barracks Tech Lab  
  23  6:08  Barracks Reactor  
  23  6:09  Barracks Tech Lab  
Show
View Real Time Build Order
Export as new Build Order

SimplyOwnage Terran 

Build Orders:  

Get SALT Encoding   

  12  0:02  SCV  
  13  0:14  SCV  
  14  0:19  Supply Depot  
  14  0:26  SCV  
  15  0:29  Refinery  
  15  0:40  SCV  
  16  0:46  Barracks  
  16  1:00  Barracks  
  16  1:03  SCV  
  17  1:19  Barracks  
  17  1:23  SCV  
  18  1:33  Reaper  
  19  1:42  Orbital Command  
  19  1:48  Reaper  
  20  1:54  Refinery  
  20  2:02  Supply Depot  
  20  2:06  Reaper  
  21  2:14  Reaper  
  22  2:17  SCV  
  23  2:24  Reaper  
  23  2:29  SCV  
  25  2:38  Reaper  
  25  2:41  SCV  
  27  2:47  Reaper  
  28  2:53  SCV  
  29  2:58  Reaper  
  29  2:59  Supply Depot  
  29  3:05  SCV  
  31  3:08  Supply Depot  
  31  3:11  Reaper  
  31  3:17  SCV  
  29  3:24  Reaper  
  30  3:30  Reaper  
  30  3:35  SCV  
  31  4:01  SCV  
  33  4:05  Command Center  
  33  4:08  Barracks Tech Lab, Barracks Reactor  
  33  4:09  Barracks Tech Lab  
  30  4:20  SCV  
  31  4:29  Factory  
  31  4:32  SCV  
  31  4:36  Marine  
  33  4:39  Combat Shield  
  33  4:45  Marine  
  33  4:46  Marine x2  
  33  4:47  SCV  
  37  4:54  Marine  
  37  4:59  SCV  
  39  5:02  Supply Depot  
  39  5:03  Marine x2  
  41  5:11  SCV  
  41  5:16  Factory Reactor  
  41  5:17  Marine, Starport  
  42  5:23  SCV  
  42  5:26  Marine x2  
  44  5:29  Marine  
  43  5:35  Marine  
  43  5:36  SCV  
  43  5:39  Orbital Command  
  45  5:44  Marine x2  
  45  5:47  Marine  
  53  6:02  Marine x2  
  56  6:09  Supply Depot  
  56  6:10  Supply Depot  
  55  6:14  Supply Depot  
Tags
 
Add a new tag
Caveats
  • Supply blocks, unpowered buildings, or Contaminate may cause inaccurate times.
  • Supply counts are checked every 10 seconds.